 Dungeon Crawl Stone Soup version 0.30-a0-1085-g990a428a5c (webtiles) character file.

Game seed: 12285937417172762161

64 xian the Vexing (level 3, -1/25 HPs)
             Began as a Demonspawn Enchanter on Apr 16, 2023.
             Was a Follower of Okawaru.
             Slain by a worm (9 damage)
             ... on level 2 of the Dungeon.
             The game lasted 00:03:02 (1559 turns).

xian the Vexing (Demonspawn Enchanter)              Turns: 1559, Time: 00:03:03

Health: -1/25      AC:  2    Str: 10    XL:     3   Next: 91%
Magic:  6/6        EV: 17    Int: 16    God:    Okawaru [*.....]
Gold:   77         SH:  5    Dex: 13    Spells: 6/6 levels left

rFire   . . .      SeeInvis .    a - +1 dagger
rCold   . . .      Faith    .    (no shield)
rNeg    . . .      Spirit   .    b - +0 robe
rPois   .          Reflect  +    (no helmet)
rElec   .          Rampage  .    (no cloak)
rCorr   .                        (no gloves)
Will    .....                    (no boots)
Stlth   ++                       e - amulet of reflection
HPRegen 0.24/turn                (no ring)
MPRegen 0.10/turn                (no ring)

@: agile
A: claws 1, powered by pain 1
a: Renounce Religion, Heroism


You were on level 2 of the Dungeon.
You worshipped Okawaru.
Okawaru was aware of your devotion.
You visited 1 branch of the dungeon, and saw 2 of its levels.

You collected 77 gold pieces.

Inventory:

Hand Weapons
 a - a +1 dagger (weapon)
Missiles
 d - 32 stones (quivered)
 m - 3 silver boomerangs
Armour
 b - a +0 robe (worn)
 l - a +0 ring mail
Jewellery
 e - an amulet of reflection (around neck)
Scrolls
 f - 2 scrolls of identify {unknown}
 h - a scroll of torment {unknown}
 i - a scroll of brand weapon {unknown}
Potions
 c - 2 potions of invisibility
 g - 3 potions of heal wounds {unknown}
 j - a potion of ambrosia {unknown}
 k - a potion of mutation {unknown}


   Skills:
 + Level 0.6 Fighting
 + Level 1.5 Short Blades
 + Level 0.2 Throwing
 + Level 2.4 Dodging
 + Level 3.1 Stealth
 + Level 0.1 Shields
 + Level 2.0 Spellcasting
 + Level 3.4 Hexes


You had 6 spell levels left.
You didn't know any spells.
Your spell library contained the following spells:

 Spells                   Type           Power      Damage    Failure   Level
 Ensorcelled Hibernation  Hex/Ice        14%        N/A       16%         2
 Confusing Touch          Hex            12%        N/A       16%         3
 Beastly Appendage        Tmut           2%         N/A       21%         1
 Magic Dart               Conj           4%         1d3       21%         1
 Searing Ray              Conj           2%         2d4       30%         2
 Wereblood                Tmut           1%         N/A       30%         2
 Dazzling Flash           Conj/Hex       14%        N/A       30%         3
 Spider Form              Tmut/Pois      1%         N/A       52%         3
 Fulminant Prism          Conj/Hex       3%         3d5       71%         4
 Tukima's Dance           Hex            Unusable   N/A       N/A         3

Dungeon Overview and Level Annotations

Branches:
Dungeon (2/15)

Altars:
Okawaru


Innate Abilities, Weirdness & Mutations

You have sharp fingernails.
You sometimes gain a little power by taking damage.


Message History

You hit the worm.
The worm is moderately wounded.
You hit the worm.
The worm is heavily wounded.
The worm barely misses you.
You hit the worm.
The worm is heavily wounded.
You hit the worm but do no damage.
The worm is heavily wounded.
The worm bites you!
You focus on the pain.
You feel very mighty all of a sudden.
You puncture the worm!
You kill the worm!
Okawaru accepts your kill.
You feel a little less mighty now.
A worm comes into view.
You hit the worm but do no damage. You barely miss the worm. You claw the worm.
The worm is lightly wounded.
The worm bites you!
You focus on the pain.
You feel agile all of a sudden.
You hit the worm.
The worm is moderately wounded.
You hit the worm.
The worm is moderately wounded.
The worm bites you but does no damage.
You hit the worm.
The worm is heavily wounded.
You hit the worm.
The worm is heavily wounded.
The worm bites you!
* * * LOW HITPOINT WARNING * * *
You focus on the pain.
You feel more agile all of a sudden.
You hit the worm.
The worm is heavily wounded.
You barely miss the worm.
The worm is heavily wounded.
The worm bites you!
You die...

#.#.###.##...#.#.# #..........
..#......#...#.#+######..........
#.#####..#...#...................
#.# #..#####...[...............
#.# #..# #..........######### #.#
#..#####..........# # #.##
#........#.######.# #
#..####'########.# #.# ##
.............# #@######'## #.
#.#..........# #w##......#######.
..###........###.##......+......<
######........##.##......####...#
...# #.........#..+......'.......
##.# #.......#.####......###.####
#.# #.......#..###......# #.#
#.###.#####.#.....####### #.#
##...#..###....##.....# #.#


You could see a worm.

Vanquished Creatures
  2 adders (D:2)
  A worm (D:2)
  A dart slug (D:1)
  2 endoplasms (D:1)
  A giant cockroach (D:1)
  A goblin (D:2)
  A hobgoblin (D:1)
  5 jackals (D:1)
  3 quokkas (D:1)
  6 ball pythons (D:1)
  4 bats
  9 frilled lizards
  5 kobolds
  2 rats
43 creatures vanquished.

Notes
Turn   | Place    | Note
-------+----------+-------------------------------------------
     0 | D:1      | xian the Demonspawn Enchanter began the quest for the Orb.
     0 | D:1      | Reached XP level 1. HP: 13/13 MP: 3/3
   165 | D:1      | Discovered your monstrous ancestry.
   165 | D:1      | Gained mutation: You have sharp fingernails. [demonic
                  | ancestry]
   165 | D:1      | Reached XP level 2. HP: 19/19 MP: 5/5
   584 | D:1      | Gained mutation: You sometimes gain a little power by
                  | taking damage. [demonic ancestry]
   584 | D:1      | Reached XP level 3. HP: 25/25 MP: 6/6
   627 | D:1      | Found a faded altar of an unknown god.
   669 | D:1      | Prayed at the altar of an unknown god.
   669 | D:1      | Became a worshipper of Warmaster Okawaru
   669 | D:1      | Reached * piety under Okawaru
   800 | D:2      | Reached skill level 1 in Short Blades
  1559 | D:2      | Slain by a worm

Illustrated notes

Levels and vault maps discovered:
D:1:      lemuel_arrival_behind_the_door_small, layout_basic,
          hellmonk_ecumenical_altar_dog_temple
D:2:      layout_basic, mrwooster_statue_mirror, minmay_lizard_pond

Skill      XL: |  1  2  3 |
---------------+----------+-----
Stealth        | 3 |  3.1
Dodging        | 2 |  2.4
Short Blades   | 1 |  1.5
Fighting       | |  0.6
Throwing       | |  0.2
Shields        | |  0.1
Spellcasting   | |  2.0
Hexes          | |  3.4

Action                     || total
---------------------------++-------
  Melee: Dagger            ||   197
         Punch             ||     2
  Throw: Stone             ||     8
   Stab: Sleeping          ||     3
 Armour: Robe              ||    37
  Dodge: Dodged            ||   118
  Block: Other             ||    40

Table legend: (Time is in decaauts)
 A = Elapsed time spent in this place.
 B = Non-inter-level travel time spent in this place.
 C = Inter-level travel time spent in this place.
 D = Time resting spent in this place.
 E = Time spent auto-exploring this place.
 F = Levels seen in this place.
 G = Mean time per level.
                   A        B        C        D        E       F      G
               +--------+--------+--------+--------+--------+-----+--------+
         Total |   1555 |   1555 |      0 |      0 |   1021 |   2 |  777.5 |
       Dungeon |   1555 |   1555 |      0 |      0 |   1021 |   2 |  777.5 |
               +--------+--------+--------+--------+--------+-----+--------+

Top non-repeatable levels by time:
     D:2: 875 daAuts
     D:1: 679 daAuts
